 Dungeon Crawl Stone Soup version 0.31-b1-18-g61460d1e46 (webtiles) character file.

Game seed: 4706162067643458467

11 Esekla the Sneak (level 2, 0/21 HPs)
             Began as an Octopode Delver on Jan 16, 2024.
             Was an Initiate of Gozag.
             Slain by a gnoll
             ... wielding a +0 whip
              (6 damage)
             ... on level 5 of the Dungeon.
             The game lasted 00:04:52 (415 turns).

Esekla the Sneak (Octopode Delver)                   Turns: 415, Time: 00:04:53

Health: 0/21       AC:  1    Str: 11    XL:     2   Next: 25%
Magic:  2/2        EV: 13    Int: 12    God:    Gozag
Gold:   7          SH:  0    Dex: 13    Spells: 1/1 levels left

rFire   . . .        a - +0 falchion
rCold   . . .        (no shield)
rNeg    . . .        (helmet restricted)
rPois   .            (no amulet)
rElec   .            (no ring)
rCorr   .            (no ring)
SInv    .            (no ring)
Will    .....        (no ring)
Stlth   ++++         (no ring)
HPRegen 0.23/turn    (no ring)
MPRegen 0.08/turn    (no ring)
                     (no ring)

%: no passive effects
@: no status effects
A: almost no armour, amphibious, 8 rings, camouflage 1, gelatinous body 1,
(nimble swimmer 1), tentacles
a: Renounce Religion, Potion Petition, Call Merchant, Bribe Branch


You were on level 5 of the Dungeon.
You worshipped Gozag.
Gozag was noncommittal.
You visited 2 branches of the dungeon, and saw 3 of its levels.

You collected 17 gold pieces.
You paid 10 gold pieces to Gozag.

Inventory:

Hand Weapons
 a - a +0 falchion (weapon)
 s - a +0 short sword
Wands
 f - a wand of digging (1)
Scrolls
 b - a scroll of fog


   Skills:
 * Level 3.0 Fighting
 * Level 2.4 Long Blades
 * Level 2.0 Dodging
 + Level 6.8 Stealth
 * Level 0.2 Spellcasting


You had one spell level left.
You didn't know any spells.
Your spell library was empty.

Dungeon Overview and Level Annotations

Branches:
Dungeon (5/15)             Temple (1/1) D:5

Altars:
Ashenzari
Dithmenos
Elyvilon
Fedhas
Gozag
Hepliaklqana
Kikubaaqudgha
Makhleb
Okawaru
Qazlal
Ru
Sif Muna
Trog
Wu Jian
Xom
Yredelemnul
Zin
The Shining One

Annotations:
D:5 Blork the orc


Innate Abilities, Weirdness & Mutations

You cannot wear most types of armour.
You are amphibious.
You can wear up to eight rings at the same time.
Your skin changes colour to match your surroundings (Stealth+).
Your rubbery body absorbs attacks. (AC +1, EV +1)
((You are camouflaged when in or above water. (Stealth+)))
You have tentacles for arms and can constrict up to eight enemies at once.


Message History

A gnoll and an endoplasm come into view.
There is an open door here.
The helpless gnoll fails to defend itself.
You puncture the gnoll!
You kill the gnoll!
You have reached level 2!
A gnoll comes into view.
It is wielding a +0 whip and quivering 2 throwing nets.
Things that are here:
7 gold pieces; a +0 spear The endoplasm quivers.
The gnoll hits you with a +0 whip!
The gnoll shouts!
Things that are here:
7 gold pieces; a +0 spear The gnoll attacks as it pursues you!
The gnoll hits you with a +0 whip.
There is an open door here.
a - a +0 falchion (weapon)
The endoplasm is distracted by your dazzling golden aura.
The gnoll attacks as it pursues you! The gnoll completely misses you.
The gnoll attacks as it pursues you! The gnoll hits you with a +0 whip.
* * * LOW HITPOINT WARNING * * *
The endoplasm quivers.
The gnoll attacks as it pursues you! The gnoll closely misses you.
There is a stone staircase leading down here.
The gnoll closely misses you.
You climb downwards.
Level annotation: Blork the orc
There is a stone staircase leading up here.
You hit the gnoll. You grab the gnoll.
The gnoll is moderately wounded.
You constrict the gnoll. The gnoll hits you with a +0 whip.
* * * LOW HITPOINT WARNING * * *
You aren't carrying any potions.
Okay, then.
Unknown command.
You barely miss the gnoll.
The gnoll is moderately wounded.
You constrict the gnoll. The gnoll hits you with a +0 whip.
You die...
Your body crumbles into a pile of gold.

#.######
*,#...#############
#.# *,#####
#.#######*,*
#.......#*,*
#....[..#*,**** ***
##.##.##.##,,,,*
*,,
#..#...#..##**,*
********,*
##..........###,*
*,,,,,,,,,
#....._.....g@#,*
*,******,*
#...........###,*
*,* *,*
#...#...#...# *,*
*,* *,*
#...##.##.#.# *,*
*,* *,*
##........#.#
*,*****,* *,*
#......###.#
*,,,,,,,* *,*
###........#
********* *,*
########## *,, ***


You could see a gnoll.

Vanquished Creatures
  A gnoll (D:4)
  An orc (D:5)
2 creatures vanquished.

Notes
Turn   | Place    | Note
-------+----------+-------------------------------------------
     0 | D:5      | Esekla the Octopode Delver began the quest for the Orb.
     0 | D:5      | Reached XP level 1. HP: 16/16 MP: 1/1
     7 | D:5      | Noticed a scorpion
    92 | D:5      | Noticed a bombardier beetle
   111 | D:5      | Noticed a jelly
   122 | D:5      | Noticed a hound
   122 | D:5      | Noticed a sky beast
   150 | D:5      | Found a staircase to the Ecumenical Temple.
   156 | Temple   | Entered the Ecumenical Temple
   228 | Temple   | Became a worshipper of Gozag Ym Sagoz the Greedy
   313 | D:5      | Found an iron altar of Okawaru.
   371 | D:5      | Noticed an ice beast
   371 | D:5      | Noticed Blork the orc
   401 | D:4      | Reached XP level 2. HP: 21/21 MP: 2/2
   415 | D:5      | Slain by a gnoll

Illustrated notes

Levels and vault maps discovered:
D:4:      layout_gridville, nemelex_diamond_rough_becter
D:5:      layout_basic, okawaru_gym_becter, temple_doors_ab, uniq_blork_the_orc
Temple:   minmay_temple_bridge_d

Action                     || total
---------------------------++-------
  Melee: Falchion          ||     4
         Short sword       ||     1
         Constrict         ||     1
  Evoke: Wand              ||     2
    Use: Scroll            ||     3
         Potion            ||     1
   Stab: Sleeping          ||     1
 Armour: Skin              ||     6
  Dodge: Dodged            ||     8
